 Dungeon Crawl Stone Soup version 0.17-a0-1946-gfb768fe (webtiles) character file.

51 Duffy the Cudgeler (level 3, -3/37 HPs)
             Began as an Ogre Warper on Oct 1, 2015.
             Was an Initiate of Cheibriados.
             Slain by Sigmund
             ... wielding a +0 scythe
              (6 damage)
             ... on level 2 of the Dungeon.
             The game lasted 00:02:12 (1606 turns).

Duffy the Cudgeler (Ogre Warper)                    Turns: 1606, Time: 00:02:13

Health: -3/37      AC:  3    Str: 17    XL:     3   Next: 83%
Magic:  6/6        EV: 15    Int: 13    God:    Cheibriados [......]
Gold:   45         SH:  0    Dex: 16    Spells: 1 memorised, 5 levels left

rFire  . . .     SeeInvis .     a - +0 mace
rCold  . . .     Clarity  .     b - +0 robe
rNeg   . . .     SustAt   .     (no shield)
rPois  .         Gourm    .     (helmet restricted)
rElec  .         Spirit   .     (no cloak)
rCorr  .         Warding  .     (gloves unavailable)
rMut   .         Stasis   .     (boots unavailable)
MR     .....                    (no amulet)
Stlth  ++........               (no ring)
                                (no ring)

@: agile, very slow, not resistant to hostile enchantments, unstealthy
A: unfitting armour, tough skin 1
a: Bend Time, Renounce Religion


You were on level 2 of the Dungeon.
You worshipped Cheibriados.
Cheibriados was noncommittal.
You were not hungry.

You visited 1 branch of the dungeon, and saw 2 of its levels.

You collected 45 gold pieces.


Innate Abilities, Weirdness & Mutations

You are too large for most types of armour.
You have tough skin (AC +1).


   Skills:
 + Level 3.5 Fighting
 * Level 4.8 Maces & Flails
 - Level 1.1 Throwing
 + Level 2.1 Dodging
 - Level 2.4 Spellcasting
 - Level 2.1 Translocations


You had 5 spell levels left.
You knew the following spells:

 Your Spells              Type           Power        Failure   Level  Hunger
a - Apportation           Tloc           #.........   12%         1    #......

Inventory:

Hand weapons
 a - a +0 mace (weapon)
Missiles
 e - 5 tomahawks of dispersal (quivered)
 i - 17 bolts
 j - 47 stones
Armour
 b - a +0 robe (worn)
Scrolls
 d - a scroll of blinking
 g - a scroll of remove curse {unknown}
 m - 2 scrolls of teleportation {unknown}
 n - a scroll of random uselessness {unknown}
 p - a scroll of enchant weapon {unknown}
 r - a scroll of enchant armour {unknown}
Potions
 q - a potion of brilliance
Books
 c - a book of Spatial Translocations
Comestibles
 f - 2 bread rations
 l - 2 meat rations
 o - a slice of pizza

Dungeon Overview and Level Annotations

Branches:
Dungeon (2/15)

Altars:
Cheibriados

Annotations:
D:2 Sigmund


Message History

Identify which item? (\ to view known items) (? for menu, Esc to quit)
k - a potion of agility Read which item? (? for menu, Esc to quit)
Identify which item? (\ to view known items) (? for menu, Esc to quit)
As you read the scroll of identify, it crumbles to dust.
q - a potion of brilliance Drink which item? (? for menu, Esc to quit)
You feel agile all of a sudden. Sigmund closely misses you.
You hit Sigmund.
Sigmund is lightly wounded.
Sigmund barely misses you.
You hit Sigmund.
Sigmund is lightly wounded.
Sigmund hits you with a scythe!
You hit Sigmund.
Sigmund is lightly wounded.
Sigmund casts a spell.
Sigmund flickers and vanishes!
Deactivating autopickup; reactivate with Ctrl-A.
No target in view!
No target in view!
No target in view!
No target in view!
You barely miss something. Something barely misses you.
You miss something. You barely miss something.
You hear some strange, mumbled words.
Something tries to affect you, but you resist.
Something hits you!
You barely miss something. You hit something. Something hits you!
You hit something. Something hits you.
You miss something. Something hits you.
You die...

#.# #.# #.# #.##
#######..#
.........#########
......{..##......#
..#####@.##.####.#
..#$%%#..##.####.######
..#$((#.....#.......†.#
..#$?(#..####.##.####.#
..#####..# #.##.# #.#
.........# #.##.## #.#
.........# #.##..# #.#
#######+## #.###.# #.#
#.# #.# #.#


There were no monsters in sight!

Action                   || total
-------------------------++-------
Melee: Mace              ||   102
  Use: Scroll            ||     2
       Potion            ||     1
 Stab: Sleeping          ||     1
  Eat: Chunk             ||     2

Notes
Turn   | Place    | Note
--------------------------------------------------------------
     0 | D:1      | Duffy the Ogre Warper began the quest for the Orb.
     0 | D:1      | Reached XP level 1. HP: 22/22 MP: 3/3
   138 | D:1      | Reached skill level 3 in Maces & Flails
   272 | D:1      | Reached XP level 2. HP: 29/29 MP: 5/5
   570 | D:1      | Reached skill level 3 in Fighting
   570 | D:1      | Reached skill level 4 in Maces & Flails
   810 | D:1      | Reached XP level 3. HP: 29/37 MP: 6/6
  1438 | D:2      | Found a snail-covered altar of Cheibriados.
  1456 | D:2      | Became a worshipper of Cheibriados the Contemplative
  1590 | D:2      | Noticed Sigmund
  1606 | D:2      | Slain by Sigmund

Vault maps used:
D:1:      dpeg_arrival_connections, kennysheep_pointless_box
D:2:      overflow_temple_1_default, due_unseen_surprise, uniq_sigmund,
          uniq_crazy_yiuf_cottage

Vanquished Creatures
  An adder
  3 oozes
  2 giant geckos
  2 bats
  3 goblins
  2 hobgoblins
  4 jackals
  5 kobolds
  A ball python
  A giant cockroach
  3 giant newts
  A quokka
  3 rats
31 creatures vanquished.
